 Dungeon Crawl Stone Soup version 0.21.1-1-g345015f (webtiles) character file.

409 kae the Insei (level 6, -11/41 HPs)
             Began as an Octopode Transmuter on June 11, 2018.
             Was an Initiate of Gozag.
             Killed by divine providence
             ... invoked by an orc priest
              (12 damage)
             ... on level 5 of the Dungeon.
             The game lasted 00:04:40 (3537 turns).

kae the Insei (Octopode Transmuter)                 Turns: 3537, Time: 00:04:41

Health: -11/41     AC:  1    Str: 10 (12) XL:     6   Next: 89%
Magic:  9/9        EV: 14    Int: 15 (17) God:    Gozag
Gold:   210        SH:  0    Dex: 12 (14) Spells: 8/11 levels left

rFire    + . .     SeeInvis .   d - +6 spear
rCold    + . .     Gourm    .   (no shield)
rNeg     . . .     Faith    .   (helmet restricted)
rPois    +         Spirit   .   (no amulet)
rElec    +         Reflect  .   (no ring)
rCorr    +         Harm     .   l - ring of flight
MR       .....                  (no ring)
Stlth    ++........             (no ring)
HPRegen  0.13/turn              (no ring)
MPRegen  0.11/turn              (no ring)
                                (no ring)
                                (no ring)

@: resistant
A: almost no armour, stealthy swim, amphibious, 8 rings, constrict 8, camouflage
1, clever 1, low mp 1, strong 1, gelatinous body 1
a: Potion Petition, Call Merchant, Bribe Branch, Renounce Religion, Evoke Flight


You were on level 5 of the Dungeon.
You worshipped Gozag.
Gozag was aware of your devotion.
You were very hungry.

You visited 1 branch of the dungeon, and saw 5 of its levels.

You collected 527 gold pieces.
You paid 317 gold pieces to Gozag.

Inventory:

Hand Weapons
 d - a +6 spear (weapon)
Missiles
 a - 45 arrows
Jewellery
 l - a ring of flight (right tentacle)
Scrolls
 f - a scroll of magic mapping
 g - 5 scrolls of identify
 h - 3 scrolls of teleportation
 i - a scroll of remove curse
Potions
 e - a potion of resistance
Books
 b - a book of Changes

   Spells                             Type                      Level
   a - Beastly Appendage              Transmutation                1
   b - Sticks to Snakes               Transmutation                2
   c - Spider Form                    Transmutation/Poison         3
   d - Ice Form                       Ice/Transmutation            4
   e - Blade Hands                    Transmutation                5
Comestibles
 c - 3 rations


   Skills:
 + Level 2.7 Fighting
 + Level 3.3 Dodging
 * Level 4.9 Unarmed Combat
 + Level 3.1 Spellcasting
 + Level 3.3 Transmutations


You had 8 spell levels left.
You knew the following spells:

 Your Spells              Type           Power        Failure   Level  Hunger
a - Beastly Appendage     Tmut           ##....       4%          1    #......
b - Sticks to Snakes      Tmut           ##......     8%          2    ##.....


Dungeon Overview and Level Annotations

Branches:
Dungeon (5/15)
 Temple: D:4-7

Altars:
Ashenzari
Gozag
Trog

Annotations:
D:4 Kagorn's ghost, novice GrBe


Innate Abilities, Weirdness & Mutations

You cannot wear most types of armour.
You are very stealthy in the water. (Stealth+)
You are amphibious.
You can wear up to eight rings at the same time.
You can use your tentacles to constrict eight enemies at once.
Your skin changes colour to match your surroundings (Stealth+).
Your rubbery body absorbs attacks. (AC +1, EV +1)
Your mind is acute. (Int +2)
Your magical capacity is low. (-10% MP)
Your muscles are strong. (Str +2)


Message History

You hit the orc priest.
The orc priest is severely wounded.
You constrict the orc priest.
The orc hits you from afar with a spear.
* * * LOW HITPOINT WARNING * * *
The orc priest misses you. The orc priest hits you with a mace.
* * * LOW HITPOINT WARNING * * *
Okay, then.
You need at least 400 gold to purchase potions right now!
Okay, then.
Evoke which item? (* to show all) (? for menu, Esc to quit)
Okay, then.
Okay, then.
None of your equipped items are cursed.
Unknown command.
You release your grip on the orc priest.
The orc priest calls down the wrath of Beogh upon you.
Beogh smites you!
You die...
Your body crumbles into a pile of gold.

###........####.........#
#.........###.........#
#<#######....$........#
#.# ####.#.##.##### #.#
#.#$##.# #.# ####.>.##.#
#.# #......##.# #. #.#
#..####.##.##... #.# ..
#@.#....# #.# ##.o...##
#$o....# #.o.###...#
...o### ... #..... .#
#.##. # ##


You could see 2 orc priests.

Vanquished Creatures
  A centaur (D:2)
  A scorpion (D:4)
  2 hounds (D:5)
  2 worker ants
  A hound skeleton (D:5)
  7 adders
  A shadow imp (D:5)
  An ooze (D:2)
  3 worms
  A dart slug (D:3)
  A leopard gecko (D:3)
  6 orcs
  2 ball pythons
  6 giant cockroaches
  8 goblins
  8 hobgoblins
  4 kobolds
  3 quokkas (D:2)
  7 bats
  5 frilled lizards
  9 rats
79 creatures vanquished.

Notes
Turn   | Place    | Note
-------+----------+-------------------------------------------
     0 | D:1      | kae the Octopode Transmuter began the quest for the Orb.
     0 | D:1      | Reached XP level 1. HP: 13/13 MP: 3/3
    98 | D:1      | Reached XP level 2. HP: 18/18 MP: 5/5
   315 | D:1      | Learned a level 2 spell: Sticks to Snakes
   444 | D:1      | Reached XP level 3. HP: 23/23 MP: 6/6
   743 | D:2      | Found an opulent altar of Gozag.
   784 | D:2      | Became a worshipper of Gozag Ym Sagoz the Greedy
   921 | D:2      | Found a bloodstained altar of Trog.
   931 | D:2      | Reached XP level 4. HP: 11/28 MP: 5/7
  1613 | D:2      | Noticed a centaur
  1615 | D:2      | Gained mutation: Your muscles are strong. (Str +2) [potion of mutation]
  1615 | D:2      | Gained mutation: Your magical capacity is low. (-10% MP) [potion of mutation]
  1615 | D:2      | Gained mutation: Your mind is acute. (Int +2) [potion of mutation]
  1618 | D:2      | Killed a centaur
  1618 | D:2      | Reached skill level 4 in Unarmed Combat
  1618 | D:2      | Reached XP level 5. HP: 5/34 MP: 6/8
  2181 | D:3      | Reached XP level 6. HP: 33/39 MP: 9/9
  3271 | D:4      | Noticed Kagorn's ghost (novice GrBe)
  3290 | D:5      | Entered Level 5 of the Dungeon
  3290 | D:5      | Found a shattered altar of Ashenzari.
  3535 | D:5      | HP: 1/41 [orc priest/mace (5)]
  3537 | D:5      | Killed from afar by an orc priest

Skill      XL: |  1  2  3  4  5  6 |
---------------+-------------------+-----
Fighting       | 2 |  2.7
Unarmed Combat | 4 |  4.9
Dodging        | 3 |  3.3
Transmutations | 3 |  3.3
Spellcasting   | 3 |  3.1

Action                   |  1- 3 |  4- 6 || total
-------------------------+-------+-------++-------
Melee: Unarmed           |     9 |       ||     9
       Spear             |    50 |   104 ||   154
       Kick              |     2 |     2 ||     4
       Constrict         |     7 |    24 ||    31
       Tentacles         |     5 |    16 ||    21
       Punch             |       |     2 ||     2
 Cast: Beastly Appendage |     5 |     1 ||     6
Invok: Potion Petition   |       |     2 ||     2
  Use: Potion            |       |     6 ||     6
       Scroll            |       |     9 ||     9
 Stab: Sleeping          |     5 |    11 ||    16
       Distracted        |       |     1 ||     1
  Eat: Ration            |       |     2 ||     2
Armor: Skin              |     5 |     1 ||     6
Dodge: Dodged            |    17 |    53 ||    70
